 Dungeon Crawl Stone Soup version 0.28.0 (webtiles) character file.

Game seed: 9385660319485457998

311 xSliceyx the Covered (level 6, -1/37 HPs)
             Began as a Gargoyle Fighter on Feb 5, 2022.
             Splashed by a jelly's acid (10 damage)
             ... on level 5 of the Dungeon.
             The game lasted 00:10:57 (4186 turns).

xSliceyx the Covered (Gargoyle Fighter)             Turns: 4186, Time: 00:10:59

Health: -1/37      AC: 14    Str: 22    XL:     6   Next: 42%
Magic:  6/6        EV:  9    Int:  8    God:
Gold:   125        SH:  4    Dex:  9    Spells: 5/5 levels left

rFire   + . .      SeeInvis .   a - +0 long sword
rCold   + . .      Faith    .   c - +0 buckler
rNeg    + . .      Spirit   .   b - +0 scale mail
rPois   ∞          Reflect  .   e - +0 helmet "Rafigih" {rF+ rC+}
rElec   +          Harm     .   p - +0 cloak
rCorr   .          Rampage  .   (no gloves)
Will    .....                   (no boots)
Stlth   ..........              h - amulet of the acrobat
HPRegen 0.12/turn               (no ring)
MPRegen 0.10/turn               (no ring)

@: no status effects
A: sickness immunity, AC +4, negative energy resistance 1, electricity
resistance, torment resistance 1, petrification resistance
a: no special abilities


You were on level 5 of the Dungeon.
You visited 1 branch of the dungeon, and saw 5 of its levels.
You also visited: Sewer.

You collected 125 gold pieces.

Inventory:

Hand Weapons
 a - a +0 long sword (weapon)
Missiles
 i - 4 javelins (quivered)
 k - 3 atropa-tipped darts
 r - 2 poisoned darts
Armour
 b - a +0 scale mail (worn)
 c - a +0 buckler (worn)
 e - the +0 helmet "Rafigih" (worn) {rF+ rC+}
   (You took it off Robin on level 3 of the Dungeon)

   rF:        It protects you from fire.
   rC:        It protects you from cold.
 p - a +0 cloak (worn)
Jewellery
 h - an amulet of the acrobat (around neck)
 o - an amulet of faith
 x - an amulet of guardian spirit
 y - a ring of wizardry
Wands
 q - a wand of polymorph (6)
Scrolls
 f - 2 scrolls of vulnerability
 g - a scroll of holy word
 n - a scroll of enchant armour
 u - a scroll of blinking
 w - a scroll of amnesia
 z - a scroll of fog
 A - a scroll of brand weapon
 B - a scroll of summoning {unknown}
 D - a scroll of identify
Potions
 d - a potion of might
 j - a potion of brilliance
 l - a potion of heal wounds
 m - 3 potions of mutation
 s - a potion of magic
 t - 3 potions of haste
 v - a potion of invisibility
 C - 2 potions of curing


   Skills:
 - Level 3.4 Fighting
 - Level 2.0 Long Blades
 + Level 7.1 Armour
 - Level 4.0 Shields


You had 5 spell levels left.
You didn't know any spells.
Your spell library contained the following spells:

 Spells                   Type           Power      Damage    Failure   Level
 Sting                    Tmut/Pois      0%         1d3       80%         1
 Poisonous Vapours        Pois/Air       0%         N/A       90%         2
 Olgreb's Toxic Radiance  Pois           0%         N/A       100%        4


Dungeon Overview and Level Annotations

Branches:
Dungeon (5/15)              Sewer (visited)
 Temple: D:4-7

Altars:


Innate Abilities, Weirdness & Mutations

You are immune to sickness and miasma.
Your stone body is resilient. (AC +4)
You are immune to poison.
You resist negative energy. (rN+)
You are resistant to electric shocks. (rElec)
You are resistant to unholy torment.
You are immune to petrification.


Message History

The orc barely misses you.
The quokka bites you but does no damage.
Found a stone staircase leading down.
The howler monkey hoots and howls with incredible vigour!
The orc misses you. The quokka completely misses you.
You see here a hound corpse.
You see here a cyan potion.
You hit the orc.
The orc is lightly wounded.
The orc hits you but does no damage.
You slash the orc!
You kill the orc!
You closely miss the quokka. You block the quokka's attack.
The quokka bites you.
The howler monkey hoots and howls with incredible vigour!
You slash the quokka!
You kill the quokka!
You closely miss the howler monkey.
The howler monkey hits you but does no damage. x2
You barely miss the howler monkey. You block the howler monkey's attack.
You slash the howler monkey!
The howler monkey is severely wounded.
The howler monkey barely misses you.
A jelly comes into view.
The howler monkey hoots and howls with incredible vigour!
The jelly quivers.
You hear a shout!
You slash the howler monkey!
You kill the howler monkey!
Your Armour skill increases to level 7!
You slash the jelly!
Your hands burn!
The jelly is severely wounded.
The jelly hits you.
You are splashed with acid!
* * * LOW HITPOINT WARNING * * *
You completely miss the jelly.
The jelly is severely wounded.
The jelly hits you.
* * * LOW HITPOINT WARNING * * *
You are splashed with acid!
You die...

#... #...
#..# #..###
#....#
#..#.##
#.J...##
#@#...>##
##)##.#..####
#$..†<.......
#..........##
#............
#..........#.
#..........#
#..........#
#........?.#


You could see a jelly.

Vanquished Creatures
  A howler monkey (D:5)
  A hound (D:5)
  Robin (D:3)
  3 river rats (Sewer)
  8 adders
  An ufetubus (D:4)
  A dart slug (D:2)
  5 worms
  4 orcs
  6 bats
  4 endoplasms
  5 giant cockroaches
  14 goblins
  11 hobgoblins
  2 jackals (D:1)
  6 kobolds
  8 quokkas
  7 ball pythons
  9 frilled lizards
  11 rats
108 creatures vanquished.

Notes
Turn   | Place    | Note
-------+----------+-------------------------------------------
     0 | D:1      | xSliceyx the Gargoyle Fighter began the quest for the Orb.
     0 | D:1      | Reached XP level 1. HP: 14/14 MP: 1/1
   103 | D:1      | Reached XP level 2. HP: 18/19 MP: 2/2
   291 | D:1      | Found a faded altar of an unknown god.
   726 | D:1      | Reached XP level 3. HP: 23/23 MP: 3/3
  1290 | D:2      | Reached skill level 4 in Armour
  1481 | D:2      | Reached XP level 4. HP: 28/28 MP: 4/4
  1948 | D:3      | Found a glowing drain.
  1983 | Sewer    | Entered a sewer
  2003 | Sewer    | Reached skill level 5 in Armour
  2264 | Sewer    | Reached XP level 5. HP: 29/32 MP: 5/5
  2914 | D:3      | Identified the +0 helmet "Rafigih" {rF+ rC+}
  2914 | D:3      | Noticed Robin
  2978 | D:3      | Killed Robin
  2981 | D:3      | Reached skill level 6 in Armour
  3755 | D:4      | Reached XP level 6. HP: 37/37 MP: 6/6
  4162 | D:5      | Entered Level 5 of the Dungeon
  4185 | D:5      | Reached skill level 7 in Armour
  4186 | D:5      | Splashed by a jelly's acid

Illustrated notes

Levels and vault maps discovered:
D:1:      scummos_arrival_star, layout_basic, chequers_ecumenical_altar_island,
          amcnicky_mini_rare_corridor_liquid, bh_walls_and_bars
D:2:      layout_basic, feat_on_display
D:3:      layout_basic, portal_sewer_entry_f, uniq_robin
D:4:      layout_gridville, hangedman_decor_lopped
D:5:      lemuel_ice_spiral_2, layout_rooms, kennysheep_mini,
          mainiacjoe_overflow_six_doors_small, serial_park_tiny_1,
          chequers_serial_rivers_micro_c

Skill      XL: |  1  2  3  4  5  6 |
---------------+-------------------+-----
Long Blades    | 2 |  2.0
Armour         | 4 5 6 7 |  7.1
Shields        | 4 |  4.0
Fighting       | |  3.4

Action                   |  1- 3 |  4- 6 || total
-------------------------+-------+-------++-------
Melee: Long sword        |   121 |   269 ||   390
Throw: Javelin           |     2 |       ||     2
  Use: Scroll            |       |    14 ||    14
Armor: Scale mail        |    49 |   151 ||   200
Dodge: Dodged            |    56 |   134 ||   190
Block: Buckler           |    23 |    59 ||    82
